 Dungeon Crawl Stone Soup version 0.26-a0-1181-gd376ed14c5 (webtiles) character file.

Game seed: 12818327242807660641

10 runemasterragnar the Skirmisher (level 2, -2/32 HPs)
             Began as an Ogre Delver on Dec 26, 2020.
             Was a Follower of Okawaru.
             Slain by an iguana (12 damage)
             ... on level 5 of the Dungeon.
             The game lasted 00:01:19 (272 turns).

runemasterragnar the Skirmisher (Ogre Delver)        Turns: 272, Time: 00:01:20

Health: -2/32      AC:  3    Str: 15    XL:     2   Next: 20%
Magic:  2/2        EV: 10    Int: 11    God:    Okawaru [*.....]
Gold:   7          SH:  0    Dex: 10    Spells: 1/1 levels left

rFire    + . .     SeeInvis .   a - +0 mace
rCold    x . .     Faith    .   (no shield)
rNeg     . . .     Spirit   .   b - +0 robe
rPois    .         Reflect  .   (helmet restricted)
rElec    .         Harm     .   (no cloak)
rCorr    .         Rampage  .   (gloves unavailable)
Will     .....                  (boots unavailable)
Stlth    ++........             (no amulet)
HPRegen  0.10/turn              h - ring of fire
MPRegen  0.08/turn              (no ring)

@: no status effects
A: large, unfitting armour, tough skin 1
a: Renounce Religion, Heroism


You were on level 5 of the Dungeon.
You worshipped Okawaru.
Okawaru was aware of your devotion.
You visited 1 branch of the dungeon, and saw 1 of its levels.

You collected 7 gold pieces.

Inventory:

Hand Weapons
 a - a +0 mace (weapon)
 i - a +0 quarterstaff
Missiles
 j - 6 boomerangs (quivered)
Armour
 b - a +0 robe (worn)
Jewellery
 h - a ring of fire (left hand)
Wands
 g - a wand of digging (3)
Scrolls
 c - a scroll of fog
 d - a scroll of magic mapping
 e - a scroll of fear
Potions
 f - a potion of haste


   Skills:
 + Level 4.2 Fighting
 + Level 2.0 Maces & Flails
 + Level 0.0 Throwing
 + Level 2.0 Dodging
 - Level 3.8 Stealth
 + Level 0.0 Invocations
 + Level 0.0 Evocations


You had one spell level left.
You didn't know any spells.
Your spell library was empty.

Dungeon Overview and Level Annotations

Branches:
Dungeon (5/15)
 Temple: D:4-7

Altars:
Cheibriados
Elyvilon
Gozag
Okawaru
Xom

Shops:
D:5 ?


Innate Abilities, Weirdness & Mutations

You are too large for most types of armour.
You have tough skin. (AC +1)


Message History

The iguana is lightly wounded.
Unknown command.
You barely miss the iguana.
The iguana is lightly wounded.
The iguana bites you. x2
Unknown command.
Unknown command.
You hit the iguana.
The iguana is moderately wounded.
The iguana closely misses you.
Unknown command.
You hit the iguana.
The iguana is heavily wounded.
The iguana bites you!
Unknown command.
Unknown command.
You hit the iguana.
The iguana is severely wounded.
The iguana bites you!
You die...

#######+#####.####......
........................
#######.#########.......
#.# #.#+#### #.# #...#
#######.##########..####
....................^...
#######.###########.####
#@# #..###
........l.....< #.....
#######........ #.....
......... #.#...
.).8.∩.<. #.#..#
!.#....... ..##.# ##
####### #####.. ##. #.


You could see an iguana.

Vanquished Creatures
  An adder (D:5)
  A giant cockroach (D:5)
2 creatures vanquished.

Notes
Turn   | Place    | Note
-------+----------+-------------------------------------------
     0 | D:5      | runemasterragnar the Ogre Delver began the quest for the
                  | Orb.
     0 | D:5      | Reached XP level 1. HP: 24/24 MP: 1/1
    47 | D:5      | Found a shimmering altar of Xom.
    47 | D:5      | Found an opulent altar of Gozag.
    53 | D:5      | Found a white marble altar of Elyvilon.
    55 | D:5      | Found a faded altar of an unknown god.
    56 | D:5      | Found a snail-covered altar of Cheibriados.
    60 | D:5      | Became a worshipper of Warmaster Okawaru
    60 | D:5      | Reached * piety under Okawaru
   128 | D:5      | Reached XP level 2. HP: 24/32 MP: 2/2
   265 | D:5      | Found Jaumirapn's Magic Scroll Shoppe.
   272 | D:5      | Slain by an iguana

Illustrated notes

Levels and vault maps discovered:
D:5:      layout_basic, chequers_temple_overflow_minitemple,
          overflow_temple_1_default, serial_shops, kennysheep_mini_moat,
          nicolae_shop_trees, shop_statue, shop, nicolae_shop_waterfront

Skill      XL: |  1 |
---------------+----+-----
Maces & Flails | 2 |  2.0
Dodging        | 2 |  2.0
Fighting       | |  4.2
Stealth        | |  3.8

Action                   || total
-------------------------++-------
Melee: Mace              ||    16
Throw: Boomerang         ||     2
Armor: Robe              ||     6
Dodge: Dodged            ||     8

Table legend: (Time is in decaauts)
 A = Elapsed time spent in this place.
 B = Non-inter-level travel time spent in this place.
 C = Inter-level travel time spent in this place.
 D = Time resting spent in this place.
 E = Time spent auto-exploring this place.
 F = Levels seen in this place.
 G = Mean time per level.
                   A        B        C        D        E       F      G
               +--------+--------+--------+--------+--------+-----+--------+
         Total |    276 |    276 |      0 |      0 |    150 |   1 |  276.0 |
       Dungeon |    276 |    276 |      0 |      0 |    150 |   1 |  276.0 |
               +--------+--------+--------+--------+--------+-----+--------+

Top non-repeatable levels by time:
     D:5: 276 daAuts
